 Dungeon Crawl Stone Soup version 0.24.1-8-ga250c9d538 (webtiles) character file.

Game seed: 12139744795091194526, levelgen mode: deterministic

84 Hugehornet the Changer (level 4, 0/28 HPs)
             Began as an Octopode Transmuter on May 3, 2020.
             Succumbed to Crazy Yiuf's poison
             ... on level 2 of the Dungeon.
             The game lasted 00:03:42 (1674 turns).

Hugehornet the Changer (Octopode Transmuter)        Turns: 1674, Time: 00:03:43

Health: 0/28       AC:  2    Str:  9    XL:     4   Next: 46%
Magic:  4/7        EV: 19    Int: 16    God:
Gold:   87         SH:  0    Dex: 17    Spells: 1/7 levels left

rFire    . . .     SeeInvis .     - Unarmed
rCold    . . .     Gourm    .   (shield currently unavailable)
rNeg     . . .     Faith    .   (helmet currently unavailable)
rPois    x         Spirit   .   (no amulet)
rElec    .         Reflect  .   (no ring)
rCorr    .         Harm     .   (no ring)
MR       .....                  (no ring)
Stlth    ++........             (no ring)
HPRegen  0.09/turn              (no ring)
MPRegen  0.10/turn              (no ring)
                                (no ring)
                                (no ring)

@: lethally poisoned (0 -> -9), spider-form
A: tiny, almost no armour, stealthy swim, (amphibious), 8 rings, (constrict 8)
a: End Transformation


You were on level 2 of the Dungeon.
You were very hungry.
You were a venomous arachnid creature.
You visited 1 branch of the dungeon, and saw 2 of its levels.

You collected 87 gold pieces.

Inventory:

Missiles
 a - 27 arrows
Armour
 d - a +0 large shield
Scrolls
 e - 3 scrolls of identify {unknown}
 f - a scroll of teleportation {unknown}
 h - a scroll of fear {unknown}
 i - a scroll of random uselessness {unknown}
Potions
 b - a potion of haste {unknown}
 g - 2 potions of curing {unknown}
Comestibles
 c - 3 rations


   Skills:
 - Level 1.0 Fighting
 - Level 2.0 Dodging
 * Level 3.4 Unarmed Combat
 - Level 2.0 Spellcasting
 * Level 4.0 Transmutations
 + Level 1.2 Poison Magic


You had one spell level left.
You knew the following spells:

 Your Spells              Type           Power        Failure   Level  Hunger
a - Beastly Appendage     Tmut           ##....       13%         1    #......
b - Sticks to Snakes      Tmut           ##......     17%         2    ###....
c - Spider Form           Tmut/Pois      #.........   43%         3    ###....

Your spell library contained the following spells:

 Spells                   Type           Power        Failure   Level  Hunger
 Ice Form                 Ice/Tmut       #.......     83%         4    #####..
 Blade Hands              Tmut           ##........   88%         5    ######.


Dungeon Overview and Level Annotations

Branches:
Dungeon (2/15)

Altars:
Kikubaaqudgha
Makhleb

Annotations:
D:2 Crazy Yiuf


Innate Abilities, Weirdness & Mutations

You cannot wear most types of armour.
You are very stealthy in the water. (Stealth+)
((You are amphibious.))
You can wear up to eight rings at the same time.
((You can use your tentacles to constrict eight enemies at once.))
((Your skin changes colour to match your surroundings (Stealth+).))
((Your rubbery body absorbs attacks. (AC +1, EV +1)))


Message History

You are poisoned.
You hit Crazy Yiuf.
Crazy Yiuf is poisoned.
Crazy Yiuf is heavily wounded.
You feel sick.
Crazy Yiuf screams, "Goober!"
Crazy Yiuf hits you with a +3 quarterstaff of chaos!
Crazy Yiuf freezes you.
You hit Crazy Yiuf but do no damage.
Crazy Yiuf looks as sick as possible!
Crazy Yiuf is heavily wounded.
You feel sick. Crazy Yiuf barely misses you.
You barely miss Crazy Yiuf.
Crazy Yiuf is heavily wounded.
You feel sick.
Crazy Yiuf glowers.
Crazy Yiuf hits you with a +3 quarterstaff of chaos!
* * * LOW HITPOINT WARNING * * *
Crazy Yiuf draws strength from your wounds!
You hit Crazy Yiuf.
Crazy Yiuf is heavily wounded.
You die...

# #.###._.###._.## ##.## # #
#...#####.########.#.##########
#
#..............##.#........))((
#
#..####################.###.###
# #.....# #.# #.# # ##.####
##.# #.# # #.#####♣♣ ### #..#
#.### # #.##..#.♣♣ ♣♣#..)# ####
#.... ####.#......♣♣♣♣sg...#
##### .............♣..♣#...#
####<....#..♣.♣♣♣ ###
#.#####♣♣♣♣♣ #....# ######


You could see Crazy Yiuf.

Vanquished Creatures
  Natasha (D:2)
  2 adders (D:2)
  3 leopard geckos
  5 bats
  2 giant cockroaches
  5 goblins
  7 hobgoblins
  A quokka (D:2)
  6 kobolds
  3 rats
35 creatures vanquished.

Notes
Turn   | Place    | Note
-------+----------+-------------------------------------------
     0 | D:1      | Hugehornet the Octopode Transmuter began the quest for the
                  | Orb.
     0 | D:1      | Reached XP level 1. HP: 13/13 MP: 3/3
    20 | D:1      | You fall into a shaft and drop 1 floor!
   318 | D:1      | Reached XP level 2. HP: 18/18 MP: 3/5
   349 | D:1      | Learned a level 2 spell: Sticks to Snakes
   375 | D:1      | Reached skill level 3 in Transmutations
   734 | D:2      | Reached XP level 3. HP: 23/23 MP: 4/6
   890 | D:2      | Learned a level 3 spell: Spider Form
  1088 | D:2      | Noticed Natasha
  1098 | D:2      | Killed Natasha
  1098 | D:2      | Reached skill level 1 in Poison Magic
  1098 | D:2      | Reached XP level 4. HP: 21/28 MP: 2/7
  1109 | D:2      | Reached skill level 4 in Transmutations
  1444 | D:2      | Found a burning altar of Makhleb.
  1444 | D:2      | Found an ancient bone altar of Kikubaaqudgha.
  1548 | D:2      | Found a runed translucent door.
  1549 | D:2      | Noticed Crazy Yiuf
  1673 | D:2      | HP: 1/28 [Crazy Yiuf/+3 quarterstaff of chaos (11)]
  1674 | D:2      | Succumbed to Crazy Yiuf's poison

Levels and vault maps discovered:
D:1:      lemuel_arrival_lava_pool, layout_loops_ring
D:2:      layout_loops_ring, gammafunk_temple_overflow_pools, st_stairs_12,
          uniq_crazy_yiuf_cottage, uniq_natasha

Skill      XL: |  1  2  3  4 |
---------------+-------------+-----
Transmutations | 3 4 |  4.0
Poison Magic   | 1 |  1.2
Fighting       | |  1.0
Dodging        | |  2.0
Unarmed Combat | |  3.4
Spellcasting   | |  2.0

Action                   |  1- 3 |  4- 6 || total
-------------------------+-------+-------++-------
Melee: Unarmed           |    58 |    20 ||    78
       Constrict         |    17 |     3 ||    20
       Kick              |     9 |       ||     9
       Tentacles         |     5 |     1 ||     6
       Punch             |     2 |       ||     2
 Cast: Beastly Appendage |    24 |     2 ||    26
       Spider Form       |     1 |     1 ||     2
 Stab: Sleeping          |     5 |       ||     5
  Eat: Chunk             |     1 |     1 ||     2
Armor: Skin              |     5 |     1 ||     6
Dodge: Dodged            |    44 |    14 ||    58
